 Dungeon Crawl Stone Soup version 0.25-a0-992-gca090100c3 (webtiles) character file.

Game seed: 8823447461894336263, levelgen mode: deterministic

35 Esekla the Skirmisher (level 3, -2/30 HPs)
             Began as a Formicid Abyssal Knight on May 11, 2020.
             Was a Follower of Lugonu.
             Slain by an adder (3 damage)
             ... on level 3 of the Dungeon.
             The game lasted 00:10:50 (1141 turns).

Esekla the Skirmisher (Formicid Abyssal Knight)     Turns: 1141, Time: 00:10:51

Health: -2/30      AC:  3    Str: 16    XL:     3   Next: 55%
Magic:  4/4        EV: 11    Int: 12    God:    Lugonu [*.....]
Gold:   104        SH:  0    Dex: 10    Spells: 1/3 levels left

rFire    . . .     SeeInvis +   a - +1 falchion
rCold    . . .     Gourm    .   (no shield)
rNeg     . . .     Faith    .   b - +0 leather armour
rPois    .         Spirit   .   (helmet unavailable)
rElec    .         Reflect  .   (no cloak)
rCorr    .         Harm     .   (no gloves)
MR       .....                  (no boots)
Stlth    +.........             (no amulet)
HPRegen  0.10/turn              (no ring)
MPRegen  0.09/turn              (no ring)

@: lethally poisoned (-2 -> -10)
A: permanent stasis, dig shafts and tunnels, four strong arms, antennae 3
a: Dig, Shaft Self, Depart the Abyss, Renounce Religion


You were on level 3 of the Dungeon.
You worshipped Lugonu.
Lugonu was aware of your devotion.
You were not hungry.

You visited 1 branch of the dungeon, and saw 4 of its levels.
You visited the Abyss 1 time.

You collected 104 gold pieces.

Inventory:

Hand Weapons
 a - a +1 falchion (weapon)
 m - a +0 spear
Armour
 b - a +0 leather armour (worn)
Wands
 d - a wand of flame (19)
 g - a wand of random effects (14)
Scrolls
 e - a scroll of noise {unknown}
 f - a scroll of identify {unknown}
 h - a scroll of magic mapping {unknown}
 j - a scroll of remove curse {unknown}
 k - a scroll of random uselessness {unknown}
 l - a scroll of enchant armour {unknown}
Comestibles
 c - 3 rations
 o - a chunk of flesh


   Skills:
 * Level 3.9 Fighting
 + Level 2.3 Long Blades
 + Level 2.5 Armour
 + Level 1.0 Dodging
 * Level 0.7 Spellcasting
 * Level 0.1 Air Magic
 * Level 0.2 Poison Magic
 + Level 2.3 Invocations


You had one spell level left.
You knew the following spells:

 Your Spells              Type           Power        Failure   Level  Hunger
v - Poisonous Vapours     Pois/Air       #.....       45%         2    ###....

Your spell library contained the following spells:

 Spells                   Type           Power        Failure   Level  Hunger
 Mephitic Cloud           Conj/Pois/Air  #.......     71%         3    ####...
 Conjure Flame            Conj/Fire      #.......     73%         3    ####...
 Freezing Cloud           Conj/Ice/Air   #.........   100%        6    #######
 Ring of Flames           Chrm/Fire      #.........   100%        7    #######


Dungeon Overview and Level Annotations

Branches:
Dungeon (4/15)
 Temple: D:4-7

Altars:


Innate Abilities, Weirdness & Mutations

You cannot be hasted, slowed, berserked, paralysed or teleported.
You can dig through walls and to a lower floor.
Your four strong arms can wield two-handed weapons with a shield.
You have a pair of large antennae on your head. (SInv)


Message History

It was a potion of cancellation.
You feel magically purged.
* * * LOW HITPOINT WARNING * * *
You feel sick. The adder barely misses you.
You riposte.
You miss the adder.
The adder is almost dead.
It was a potion of haste.
Your stasis prevents you from being hasted.
* * * LOW HITPOINT WARNING * * *
You feel sick. The adder bites you.
* * * LOW HITPOINT WARNING * * *
The adder bites you but does no damage.
You closely miss the adder.
The adder is almost dead.
* * * LOW HITPOINT WARNING * * *
You feel sick. The adder bites you.
* * * LOW HITPOINT WARNING * * *
You barely miss the adder.
The adder is almost dead.
* * * LOW HITPOINT WARNING * * *
You feel sick. The adder bites you.
You die...

####### ##.....#
###......# #........#
######.##.....#######
.......@S............
###########.##########.#
...........S........
########.....#.....#
#############


You could see an adder.

Vanquished Creatures
  An adder (D:3)
  An ooze (D:4)
  A giant cockroach (D:1)
  4 goblins (D:1)
  3 hobgoblins (D:1)
  2 jackals (D:4)
  2 kobolds (D:1)
  A bat (D:1)
  3 frilled lizards
  4 rats (D:1)
22 creatures vanquished.

Notes
Turn   | Place    | Note
-------+----------+-------------------------------------------
     0 | Abyss:1  | Esekla the Formicid Abyssal Knight began the quest for the
                  | Orb.
     0 | Abyss:1  | Reached XP level 1. HP: 18/18 MP: 2/2
    99 | Abyss:4  | Noticed a large abomination
   113 | Abyss:4  | Noticed a raiju
   115 | D:1      | Escaped the Abyss
   476 | D:1      | Reached XP level 2. HP: 19/24 MP: 3/3
   768 | D:1      | Reached * piety under Lugonu
   805 | D:1      | Reached skill level 1 in Dodging
   871 | D:2      | You fall into a shaft and drop 2 floors!
  1014 | D:4      | Reached XP level 3. HP: 26/30 MP: 4/4
  1053 | D:4      | Learned a level 2 spell: Poisonous Vapours
  1141 | D:3      | HP: 1/30 [poisoned by an adder]
  1141 | D:3      | Slain by an adder

Illustrated notes

Levels and vault maps discovered:
D:1:      psy_arrival_terrarium, layout_loops_ring
D:2:      layout_loops_cross, lexackson_kobold_supper
D:3:      wander_river, layout_basic, first_ration, uniq_robin
D:4:      layout_gridville, serial_bayou_lagoon_a

Skill      XL: |  1  2 |
---------------+-------+-----
Dodging        | 1 |  1.0
Fighting       | |  3.9
Long Blades    | |  2.3
Armour         | |  2.5
Spellcasting   | |  0.7
Air Magic      | |  0.1
Poison Magic   | |  0.2
Invocations    | |  2.3

Action                   || total
-------------------------++-------
Melee: Falchion          ||    60
Invok: Depart the Abyss  ||     1
  Use: Potion            ||     2
  Eat: Chunk             ||     1
Armor: Leather armour    ||    14
Dodge: Dodged            ||    31
       Rpst.: Falchion   ||     8

Table legend:
 A = Non-vault XP
 B = Vault XP
 C = Vault XP percentage of total XP
 D = Non-vault monster count
 E = Vault monster count
 F = Vault count percentage of total count
                 A         B        C        D         E       F
            +---------+---------+-------+---------+---------+-------
      Total |      51 |       0 |   0.0 |      22 |       0 |   0.0
            +---------+---------+-------+---------+---------+-------
        D:1 |      26 |       0 |   0.0 |      17 |       0 |   0.0
        D:3 |      13 |       0 |   0.0 |       1 |       0 |   0.0
        D:4 |      12 |       0 |   0.0 |       4 |       0 |   0.0
            +---------+---------+-------+---------+---------+-------
